 Dungeon Crawl Stone Soup version 0.31-a0-523-g071a6c1ffa (webtiles) character file.

Game seed: 17905804458966950318

3794 Newt the Spear-Bearer (level 10, 0/76 HPs)
             Began as a Merfolk Gladiator on Aug 11, 2023.
             Slain by a howler monkey (5 damage)
             ... on level 9 of the Dungeon.
             The game lasted 00:08:53 (8441 turns).

Newt the Spear-Bearer (Merfolk Gladiator)           Turns: 8441, Time: 00:08:54

Health: 0/76       AC:  4    Str: 18    XL:     10   Next: 16%
Magic:  10/10      EV: 14    Int:  9    God:
Gold:   482        SH:  5    Dex: 15    Spells: 9/9 levels left

rFire   . . .        l - +2 spear (heavy)
rCold   + . .        m - +0 buckler
rNeg    + . .        b - +1 leather armour
rPois   .            c - melded +0 helmet
rElec   .            s - melded scarf {shadows}
rCorr   .            (gloves currently unavailable)
SInv    .            (boots currently unavailable)
Will    .....        (no amulet)
Stlth   +            n - ring of protection from cold
HPRegen 0.32/turn    x - ring of positive energy
MPRegen 0.12/turn

%: no passive effects
@: beast-form
A: beast (slay +4), (nimble swimmer 2), mertail
a: Begin Untransformation


You were on level 9 of the Dungeon.
You were a hulking beast.
You visited 2 branches of the dungeon, and saw 10 of its levels.

You collected 482 gold pieces.

Inventory:

Hand Weapons
 a - a +1 trident
 l - a +2 heavy spear (weapon)
Missiles
 d - 5 throwing nets (quivered)
 e - a javelin
Armour
 b - a +1 leather armour (worn)
 c - a +0 helmet (melded)
 m - a +0 buckler (worn)
 s - a scarf of shadows (melded)
 F - a +2 pair of boots
Jewellery
 n - a ring of protection from cold (left hand)
 x - a ring of positive energy (right hand)
Talismans
 f - a beast talisman (active)
Wands
 w - a wand of roots (15)
 z - a wand of digging (6)
 E - a wand of charming (9)
Scrolls
 u - a scroll of amnesia
 y - a scroll of teleportation
 A - a scroll of enchant armour
 B - a scroll of fear
Potions
 g - 5 potions of heal wounds
 h - 2 potions of magic
 i - 3 potions of enlightenment
 j - 2 potions of ambrosia
 k - 3 potions of curing
 o - a potion of brilliance
 p - a potion of resistance
 q - 3 potions of might
 r - a potion of mutation
 t - a potion of invisibility
 v - a potion of lignification
 C - a potion of degeneration {unknown}
 D - a potion of attraction {unknown}


   Skills:
 + Level 6.0 Fighting
 - Level 14.0 Polearms
 - Level 2.0 Throwing
 - Level 6.0 Dodging
 - Level 5.0 Shields
 - Level 6.0 Shapeshifting


You had 9 spell levels left.
You didn't know any spells.
Your spell library contained the following spells:

 Spells                   Type           Power      Damage    Failure   Level
 Sting                    Tmut/Pois      0%         1d3       52%         1
 Blink                    Tloc           0%         N/A       67%         2
 Poisonous Vapours        Pois/Air       0%         N/A       67%         2
 Manifold Assault         Tloc           0%         N/A       99%         4
 Olgreb's Toxic Radiance  Pois           0%         N/A       99%         4


Dungeon Overview and Level Annotations

Branches:
Dungeon (9/15)             Temple (1/1) D:5
   Lair: D:8-11         Orc: D:9-12

Altars:
Cheibriados
Dithmenos
Gozag
Kikubaaqudgha
Makhleb
Nemelex Xobeh
Okawaru
Qazlal
Ru
Sif Muna
Trog
Uskayaw
Vehumet
Wu Jian
Xom
Yredelemnul
Zin
The Shining One


Innate Abilities, Weirdness & Mutations

You are a hulking beast.
Your limbs bulge with bestial killing power. (Slay +4)
((You are very nimble when in or above water. (Stealth+, EV+, Speed+++)))
Your lower body shifts to a powerful aquatic tail in water.


Message History

The orc throws a boomerang.
You block the boomerang.
Things that are here:
a +0 mace; a +0 plate armour; a +0 short sword You puncture something!
You puncture something!
Reactivating autopickup.
You feel a bit more experienced.
You closely miss the orc. The orc hits you with a +0 flail.
* * * LOW HITPOINT WARNING * * *
The howler monkey hoots and howls with incredible vigour!
You hear a roar!
You hear a shout!
You hit the orc.
The orc is heavily wounded.
The orc closely misses you.
You barely miss the orc.
The orc is heavily wounded.
You puncture the orc!
You kill the orc!
Your Fighting skill increases to level 6!
You hit the orc.
The orc is moderately wounded.
The orc barely misses you.
You hit the orc but do no damage.
The orc is moderately wounded.
The orc completely misses you.
The howler monkey hoots and howls with incredible vigour!
You hear a shout!
You puncture the orc!
You kill the orc!
The orc barely misses you.
The orc priest mumbles some strange prayers to Beogh against you.
Beogh smites you!
* * * LOW HITPOINT WARNING * * *
The orc priest begins to cast a cantrip, but forgets the words!
The orc priest invokes the aid of Beogh against you.
Beogh smites you!
* * * LOW HITPOINT WARNING * * *
The howler monkey attacks as you move away!
The howler monkey hits you.
You die...

######>........##..#####.....#
..................######....##
............#...### #........#
............#..## #........#
............#..# #........#
.....§§§....#..# ##.o##
...§§§......#..# #..o.##
..§§§8§≈....#..#######.##..#
§§≈§≈.≈≈≈..§#..>hho))o†###o#
.≈≈.....≈≈§.#########h.....####
≈§.......§§.# ...####†ho.#
≈§§.._...≈≈.# ...### #....#
≈§.......≈§.# ...## ###ho...
............# .. .o..#
############# . ..... .....
.....


You could see 2 howler monkeys, an orc priest and an orc.

Vanquished Creatures
  A two-headed ogre (D:9)
  A troll (D:9)
  2 hornets
  A wyvern (D:8)
  A wraith (D:9)
  An acid dragon (D:8)
  An orc warrior (D:9)
  An ice beast (D:5)
  A sky beast (D:8)
  A black bear (D:8)
  A centaur (D:8)
  3 kobold brigands
  A phantom (D:5)
  5 bullfrogs
  2 wights (D:9)
  2 howler monkeys (D:9)
  4 hounds
  A gnoll bouda (D:7)
  2 orc priests
  3 iron imps (D:9)
  4 iguanas
  8 orc wizards
  10 gnolls
  8 adders
  2 shadow imps
  2 white imps
  2 ufetubi (D:5)
  A worm (D:2)
  2 dart slugs
  31 orcs
  5 endoplasms
  3 giant cockroaches
  8 goblins
  8 hobgoblins
  10 jackals
  4 quokkas
  6 ball pythons
  2 bats (D:1)
  A frilled lizard (D:2)
  21 kobolds
  4 rats
177 creatures vanquished.

Notes
Turn   | Place    | Note
-------+----------+-------------------------------------------
     0 | D:1      | Newt the Merfolk Gladiator began the quest for the Orb.
     0 | D:1      | Reached XP level 1. HP: 16/16 MP: 1/1
   107 | D:1      | Reached XP level 2. HP: 23/23 MP: 2/2
   611 | D:2      | Reached XP level 3. HP: 27/30 MP: 3/3
  1692 | D:3      | Reached XP level 4. HP: 38/38 MP: 4/4
  1999 | D:3      | Found a faded altar of an unknown god.
  2111 | D:3      | Reached skill level 5 in Fighting
  2393 | D:3      | Reached skill level 5 in Polearms
  2393 | D:3      | Reached XP level 5. HP: 39/44 MP: 5/5
  2893 | D:4      | Noticed a hornet
  2902 | D:4      | Killed a hornet
  2903 | D:4      | Reached skill level 7 in Polearms
  2903 | D:4      | Reached XP level 6. HP: 48/51 MP: 6/6
  2919 | D:4      | Reached skill level 8 in Polearms
  2971 | D:4      | Reached skill level 1 in Shapeshifting
  3088 | D:4      | Reached XP level 7. HP: 50/56 MP: 7/7
  3434 | D:5      | Entered Level 5 of the Dungeon
  3818 | D:5      | Reached skill level 5 in Shapeshifting
  4004 | D:5      | Reached XP level 8. HP: 39/62 MP: 8/8
  4093 | D:5      | Found a staircase to the Ecumenical Temple.
  4135 | Temple   | Entered the Ecumenical Temple
  4385 | D:5      | Found a stormy altar of Qazlal.
  4435 | D:5      | Found a shimmering blue altar of Sif Muna.
  4444 | D:5      | Reached skill level 5 in Dodging
  5674 | D:7      | Reached skill level 9 in Polearms
  5871 | D:7      | Reached skill level 10 in Polearms
  5906 | D:7      | Reached skill level 1 in Shields
  5986 | D:7      | Found a basalt altar of Yredelemnul.
  6307 | D:8      | Noticed a wyvern
  6321 | D:8      | Killed a wyvern
  6322 | D:8      | Reached XP level 9. HP: 51/68 MP: 9/9
  6691 | D:8      | Reached skill level 5 in Shields
  7588 | D:9      | Noticed a two-headed ogre
  7600 | D:9      | Killed a two-headed ogre
  7601 | D:9      | Reached skill level 12 in Polearms
  7817 | D:9      | Noticed a troll
  7831 | D:9      | Killed a troll
  7832 | D:9      | Reached skill level 13 in Polearms
  8260 | D:9      | Reached XP level 10. HP: 66/74 MP: 10/10
  8299 | D:9      | Found a burning altar of Makhleb.
  8391 | D:9      | Reached skill level 14 in Polearms
  8441 | D:9      | Slain by a howler monkey

Illustrated notes

Levels and vault maps discovered:
D:1:      dpeg_arrival_morbid_curiosity, layout_rooms
D:2:      layout_basic
D:3:      layout_basic, shapermc_ecumenical_altar_mp_highgroup
D:4:      layout_rooms, dreamdust_princess_bridge, st_stairs_7
D:5:      layout_basic, nicolae_qazlal_eye_of_the_storm,
          nicolae_sif_muna_little_library, temple_fountains
D:6:      layout_basic
D:7:      layout_loops_ring, mainiacjoe_overflow_cross_hatched
D:8:      layout_basic, kennysheep_nub
D:9:      layout_rooms, demons_altar
Temple:   nicolae_temple_bog_church

Skill      XL: |  1  2  3  4  5  6  7  8  9 10 |
---------------+-------------------------------+-----
Fighting       | 3 4 5 6 |  6.0
Polearms       | 5 7 8 10 13 14 | 14.0
Shapeshifting  | 2 5 6 |  6.0
Dodging        | 6 |  6.0
Shields        | 4 5 |  5.0
Throwing       | |  2.0

Action                     |  1- 3 |  4- 6 |  7- 9 | 10-12 || total
---------------------------+-------+-------+-------+-------++-------
  Melee: Trident           |   116 |    18 |       |       ||   134
         Punch             |     1 |       |       |       ||     1
         Spear             |       |   102 |   393 |    47 ||   542
  Throw: Throwing net      |       |     5 |     2 |       ||     7
    Use: Scroll            |     8 |     3 |    10 |       ||    21
         Potion            |     2 |       |     4 |       ||     6
   Stab: Sleeping          |     3 |       |       |       ||     3
         Held in net/web   |       |     1 |     1 |       ||     2
 Armour: Leather armour    |    29 |    27 |    58 |     3 ||   117
  Dodge: Dodged            |    47 |    37 |   146 |    17 ||   247
  Block: Buckler           |       |     9 |    39 |     7 ||    55
   Form: Beast             |       |       |     1 |       ||     1

Table legend: (Time is in decaauts)
 A = Elapsed time spent in this place.
 B = Non-inter-level travel time spent in this place.
 C = Inter-level travel time spent in this place.
 D = Time resting spent in this place.
 E = Time spent auto-exploring this place.
 F = Levels seen in this place.
 G = Mean time per level.
                   A        B        C        D        E       F      G
               +--------+--------+--------+--------+--------+-----+--------+
         Total |   8336 |   8209 |    127 |   1639 |   5403 |  10 |  833.6 |
       Dungeon |   8334 |   8208 |    126 |   1639 |   5403 |   9 |  926.0 |
        Temple |      1 |      0 |      1 |      0 |      0 |   1 |    1.0 |
               +--------+--------+--------+--------+--------+-----+--------+

Top non-repeatable levels by time:
     D:5: 1334 daAuts
     D:8: 1318 daAuts
     D:3: 1195 daAuts
     D:2: 945 daAuts
     D:9: 854 daAuts
     D:7: 715 daAuts
     D:6: 690 daAuts
     D:4: 677 daAuts
     D:1: 601 daAuts
  Temple: 1 daAuts
